 Dungeon Sprint DCSS version 0.28.0 (webtiles) character file.

Game seed: 16651533743743248630

3167 boopmooplesden the Cleaver (level 9, -1/92 HPs)
             Began as a Minotaur Fighter on Feb 5, 2022.
             Was a High Priest of Okawaru.
             Slain by a ghost moth (13 damage)
             ... called by a spriggan druid
             ... in the Dungeon (Sprint IV: "Fedhas' Mad Dash").
             The game lasted 00:05:03 (1378 turns).

boopmooplesden the Cleaver (Minotaur Fighter)       Turns: 1378, Time: 00:05:04

Health: -1/92      AC: 15    Str: 21 (22) XL:     9   Next: 63%
Magic:  0/17       EV:  8    Int:  9      God:    Okawaru [*****.]
Gold:   38         SH:  6    Dex: 13      Spells: 8/8 levels left

rFire   x . .      SeeInvis .   a - +0 war axe
rCold   . . .      Faith    .   c - +0 buckler
rNeg    . . .      Spirit   .   o - +0 chain mail of Sif Muna's Generosity {Fly rElec rF- Int+4}
rPois   .          Reflect  .   (helmet restricted)
rElec   +          Harm     .   j - +0 cloak
rCorr   .          Rampage  .   (no gloves)
Will    .....      NoTele   +   g - +0 pair of boots
Stlth   ..........              d - amulet of invisibility {+Inv}
HPRegen 0.25/turn               k - ring of magical power
MPRegen 0.15/turn               (no ring)

@: flying, very slightly contaminated
A: horns 2, retaliatory headbutt
a: Renounce Religion, Evoke Invisibility, Heroism, Finesse


You were in the Dungeon.
You worshipped Okawaru.
Okawaru was extremely pleased with you.
You visited 1 branch You collected 184 gold pieces.
You spent 146 gold pieces at shops.

Inventory:

Hand Weapons
 a - a +0 war axe (weapon)
Missiles
 m - 3 poisoned darts (quivered)
Armour
 b - a +0 scale mail
 c - a +0 buckler (worn)
 g - a +0 pair of boots (worn)
 j - a +0 cloak (worn)
 o - the +0 chain mail of Sif Muna's Generosity (worn) {Fly rElec rF- Int+4}
   (You found it in the Dungeon)

   Int:       It affects your intelligence (+4).
   rF:        It makes you vulnerable to fire.
   rElec:     It insulates you from electricity.
   Fly:       It grants you flight.
Jewellery
 d - the amulet of invisibility (around neck) {+Inv}
   (You found it in the Dungeon)

   [amulet of nothing]

   +Inv:      It lets you turn invisible.
 k - a ring of magical power (left hand)
Scrolls
 l - a scroll of amnesia {unknown}
Potions
 e - 2 potions of curing
 f - 2 potions of heal wounds
 h - 2 potions of magic
 i - a potion of berserk rage
Miscellaneous
 n - a piece from Xom's chessboard (15/15)


   Skills:
 + Level 12.7 Fighting
 + Level 14.3 Axes
 + Level 11.0 Armour
 + Level 1.7 Dodging
 + Level 7.0 Stealth
 + Level 10.0 Shields
 + Level 1.0 Invocations
 + Level 7.3 Evocations


You had 8 spell levels left.
You didn't know any spells.
Your spell library was empty.

Dungeon Overview and Level Annotations

Branches:
Dungeon (1/1)

Altars:
Cheibriados
Dithmenos
Elyvilon
Gozag
Hepliaklqana
Kikubaaqudgha
Makhleb
Nemelex Xobeh
Okawaru
Qazlal
Ru
Sif Muna
Trog
Uskayaw
Vehumet
Wu Jian
Xom
Yredelemnul
Zin
The Shining One
Beogh
Jiyva
Lugonu

Shops:
D [[:!


Innate Abilities, Weirdness & Mutations

You have a pair of horns on your head.
You reflexively headbutt those who attack you in melee.


Message History

The spriggan druid hits you with a +0 quarterstaff.
You hit the spriggan druid.
You kill the spriggan druid!
Okawaru is honoured by your kill.
Okawaru will now gift you equipment as you gain piety.
Your Axes skill increases to level 14!
Your Armour skill increases to level 11!
Your Stealth skill increases to level 7!
Your Shields skill increases to level 10!
Your Invocations skill increases to level 1!
Your Evocations skill increases to level 7!
Unknown command.
You feel you are being watched by something.
You feel your power leaking away.
You feel you are being watched by something.
You feel your power leaking away. Something completely misses you.
Something hits you but does no damage.
Deactivating autopickup; reactivate with Ctrl-A.
Something stings you!
Things that are here:
a +0 quarterstaff; a +0 robe; a spriggan corpse You see here 6 gold pieces.
You feel you are being watched by something.
You block something's attack. Something hits you but does no damage.
Something stings you but does no damage.
You hear a shout!
You feel you are being watched by something.
You slash something! Your headbutt misses something. Something hits you.
You feel weakened. Something hits you. Something stings you.
You closely miss something.
You feel you are being watched by something.
You feel your power leaking away. Something hits you!
You block something's attack. Something stings you.
You closely miss something. You headbutt something.
You feel you are being watched by something.
Something hits you!
* * * LOW HITPOINT WARNING * * *
Something hits you!
You die...

#################################
#.....#.....#.⌠._._._._.⌠.#.))...
†.....'.#...'.._._._._._..'..#...
#.....#.#...#..._._._._...#..###'
##########'##.._._._._._..#..##∩∩
........'...#._._._._._.⌠.#######
..♣.....#...###############
.♣..♣..######♣♣♣♣♣..♣=#
##'######..'....@.♣..♣#
...'.......#♣..♣♣♣.♣).#
.###.......#.♣♣.?♣.$$♣+ ##
########## #######


There were no monsters in sight!

Vanquished Creatures
  A spriggan druid (D)
  2 oklob plants (D)
  3 burning bushes (D)
  3 wandering mushrooms (D)
  A queen bee (D)
  3 scorpions (D)
  4 killer bees (D)
  5 oklob saplings (D)
  2 spriggans (D)
  A river rat (D)
  A rat (D)
26 creatures vanquished.

Vanquished Creatures (others)
  3 fungi (D)
3 creatures vanquished.

Grand Total: 29 creatures vanquished

Notes
Turn   | Place    | Note
-------+----------+-------------------------------------------
     0 | D        | boopmooplesden the Minotaur Fighter began the quest for the
                  | Orb.
     0 | D        | Reached XP level 1. HP: 19/19 MP: 0/0
     9 | D        | Reached XP level 2. HP: 21/28 MP: 1/1
    20 | D        | Noticed a scorpion
    20 | D        | Found the amulet of invisibility {+Inv}
    22 | D        | Killed a scorpion
    23 | D        | Reached skill level 4 in Axes
    23 | D        | Reached skill level 5 in Shields
    23 | D        | Reached XP level 3. HP: 30/37 MP: 2/2
    45 | D        | Noticed an oklob sapling
    47 | D        | Killed an oklob sapling
    48 | D        | Reached XP level 4. HP: 40/45 MP: 0/3
    53 | D        | Found an opulent altar of Gozag.
    53 | D        | Found a hazy altar of Hepliaklqana.
    53 | D        | Found a burning altar of Makhleb.
    53 | D        | Found a sparkling altar of Nemelex Xobeh.
    53 | D        | Found a snail-covered altar of Cheibriados.
    53 | D        | Found a sacrificial altar of Ru.
    53 | D        | Found a shimmering blue altar of Sif Muna.
    53 | D        | Found a shimmering altar of Xom.
    53 | D        | Found a basalt altar of Yredelemnul.
    54 | D        | Found a viscous altar of Jiyva.
    54 | D        | Found a bloodstained altar of Trog.
    54 | D        | Found an ornate altar of the Wu Jian Council.
    55 | D        | Found an iron altar of Okawaru.
    55 | D        | Found a shadowy altar of Dithmenos.
    55 | D        | Found a glowing silver altar of Zin.
    56 | D        | Found an ancient bone altar of Kikubaaqudgha.
    56 | D        | Found a hide-covered altar of Uskayaw.
    57 | D        | Found a stormy altar of Qazlal.
    57 | D        | Found a white marble altar of Elyvilon.
    57 | D        | Found a glowing golden altar of the Shining One.
    58 | D        | Found a corrupted altar of Lugonu.
    58 | D        | Found a radiant altar of Vehumet.
    66 | D        | Reached skill level 5 in Axes
    66 | D        | Reached XP level 5. HP: 28/52 MP: 1/4
    68 | D        | Became a worshipper of Warmaster Okawaru
   216 | D        | Reached skill level 6 in Axes
   216 | D        | Reached skill level 1 in Evocations
   246 | D        | Reached skill level 1 in Stealth
   262 | D        | Reached skill level 7 in Axes
   266 | D        | Reached XP level 6. HP: 51/63 MP: 5/5
   274 | D        | Found Likkiar's Armour Shop.
   274 | D        | Found Arej's Armour Emporium.
   279 | D        | Bought a +0 pair of boots for 58 gold pieces
   285 | D        | Bought a +0 cloak for 49 gold pieces
   292 | D        | Noticed a burning bush
   292 | D        | Noticed a wandering mushroom
   293 | D        | Noticed a wandering mushroom
   312 | D        | Killed a wandering mushroom
   312 | D        | Reached * piety under Okawaru
   313 | D        | Reached skill level 10 in Fighting
   313 | D        | Reached skill level 9 in Axes
   313 | D        | Reached XP level 7. HP: 65/72 MP: 6/6
   578 | D        | Killed a burning bush
   579 | D        | Reached skill level 10 in Axes
   579 | D        | Reached skill level 1 in Dodging
   580 | D        | Found Oqemec's Distillery.
   580 | D        | Found Foocs's Book Shoppe.
   590 | D        | Bought a potion of curing for 39 gold pieces
   671 | D        | Noticed a queen bee
   678 | D        | Reached ** piety under Okawaru
   684 | D        | Reached skill level 11 in Axes
   684 | D        | Reached skill level 10 in Armour
   684 | D        | Killed a queen bee
   685 | D        | Reached XP level 8. HP: 74/82 MP: 7/7
   703 | D        | Noticed an oklob plant
  1046 | D        | Killed an oklob plant
  1046 | D        | Reached *** piety under Okawaru
  1047 | D        | Reached skill level 12 in Axes
  1047 | D        | Reached skill level 5 in Evocations
  1126 | D        | Noticed a burning bush
  1140 | D        | Killed a burning bush
  1141 | D        | Reached skill level 5 in Stealth
  1152 | D        | Noticed a burning bush
  1152 | D        | Noticed an oklob plant
  1279 | D        | Noticed a wandering mushroom
  1285 | D        | Killed a burning bush
  1286 | D        | Reached XP level 9. HP: 90/90 MP: 8/8
  1297 | D        | Killed a wandering mushroom
  1297 | D        | Reached **** piety under Okawaru
  1298 | D        | Reached skill level 13 in Axes
  1321 | D        | Killed an oklob plant
  1327 | D        | Identified the +0 chain mail of Sif Muna's Generosity {Fly
                  | rElec rF- Int+4}
  1352 | D        | Noticed a spriggan druid
  1369 | D        | Killed a spriggan druid
  1369 | D        | Reached ***** piety under Okawaru
  1370 | D        | Reached skill level 14 in Axes
  1370 | D        | Reached skill level 10 in Shields
  1370 | D        | Reached skill level 1 in Invocations
  1378 | D        | Slain by a ghost moth

Illustrated notes

Levels and vault maps discovered:
D:        dungeon_sprint_fedhas [sprint_temple]

Skill      XL: |  1  2  3  4  5  6  7  8  9 |
---------------+----------------------------+-----
Fighting       | 4 6 7 9 10 11 12 | 12.7
Armour         | 4 6 7 8 9 10 11 | 11.0
Shields        | 4 5 6 7 8 9 10 | 10.0
Axes           | 4 5 7 9 11 12 14 | 14.3
Evocations     | 2 3 4 6 7 |  7.3
Stealth        | 1 2 3 5 7 |  7.0
Dodging        | 1 |  1.7
Invocations    | 1 |  1.0

Action                   |  1- 3 |  4- 6 |  7- 9 || total
-------------------------+-------+-------+-------++-------
Melee: War axe           |     5 |    18 |    87 ||   110
       Headbutt          |     1 |     6 |    21 ||    28
Invok: Heroism           |       |       |     2 ||     2
 Abil: Evoke Invisibilit |     1 |     2 |     6 ||     9
  Use: Potion            |     1 |     1 |       ||     2
       Scroll            |     1 |       |       ||     1
 Stab: Invisible         |       |     1 |    11 ||    12
Armor: Scale mail        |     1 |     2 |     6 ||     9
       Chain mail        |       |       |     5 ||     5
Dodge: Dodged            |     2 |     7 |    16 ||    25
Block: Buckler           |       |     2 |    17 ||    19
